| TOP OF THE 1ST |
|
Batavia Muckdogs batting - Pitching for Hillsboro Hops : LHP Haunani Moritiica
|
|
Pitching: LHP Haunani Moritiica
|
|
|
Batting: RHB Calvin Morin
|
0-0: Called Strike 0-1: Ball 1-1: Ball 2-1: SINGLE (Groundball, P, EV 90.6 MPH) (infield hit)
|
|
Batting: LHB David Doge
|
0-0: Ball 1-0: Called Strike 1-1: Ball 2-1: Foul Ball, location: 2F 2-2: Fielders Choice at 2nd, 4-6 (Groundball, 34, EV 89.4 MPH)
|
|
Batting: RHB Len Graham
|
0-0: Ball David Doge is caught stealing 2nd base 2-4 1-0: Called Strike 1-1: Fly out, F1 (Line Drive, P, EV 70.6 MPH)
|
| Top of the 1st over - 0 runs, 1 hit, 0 errors, 0 left on base; Batavia 0 - Hillsboro 0 |
| BOTTOM OF THE 1ST |
|
Hillsboro Hops batting - Pitching for Batavia Muckdogs : RHP James Bitner
|
|
Pitching: RHP James Bitner
|
|
|
Batting: RHB Edgar Garcia
|
0-0: Called Strike 0-1: Ball 1-1: Swinging Strike 1-2: Strikes out looking
|
|
Batting: RHB Yasuo Nakata
|
0-0: Called Strike 0-1: Called Strike 0-2: Ground out 4-3 (Groundball, 4, EV 80.6 MPH)
|
|
Batting: RHB Larry Hardman
|
0-0: Ball 1-0: Ball 2-0: Ball 3-0: Base on Balls
|
|
Batting: RHB Chris Bittner
|
0-0: Ball 1-0: Called Strike 1-1: Swinging Strike 1-2: Ball 2-2: Ball 3-2: Foul Ball, location: 2F 3-2: Base on Balls Larry Hardman to second
|
|
Batting: RHB Jeremy Adams
|
0-0: Ball 1-0: Ball 2-0: Called Strike 2-1: Foul Ball, location: 2F 2-2: Strikes out swinging
|
| Bottom of the 1st over - 0 runs, 0 hits, 0 errors, 2 left on base; Batavia 0 - Hillsboro 0 |
| TOP OF THE 2ND |
|
Batavia Muckdogs batting - Pitching for Hillsboro Hops : LHP Haunani Moritiica
|
|
Batting: RHB Alex Ramirez
|
0-0: Ball 1-0: Ball 2-0: Swinging Strike 2-1: Foul Ball, location: 2F 2-2: Foul Ball, location: 2F 2-2: Ball 3-2: Strikes out swinging
|
|
Batting: RHB Jim Fisher
|
0-0: SINGLE (Line Drive, 8RS, EV 99.4 MPH)
|
|
Batting: RHB Nate Crofts
|
0-0: Foul Ball, location: 2F 0-1: Ball 1-1: Swinging Strike 1-2: Ball 2-2: Ball 3-2: Foul Ball, location: 2F 3-2: Base on Balls Jim Fisher to second
|
|
Batting: RHB Larry LeFever
|
0-0: Ball 1-0: Ball 2-0: Fielders Choice at 2nd, 3-6 (Groundball, 34, EV 85.6 MPH) Jim Fisher to third
|
|
Batting: RHB Hiromitsu Yamada
|
0-0: Called Strike 0-1: Called Strike 0-2: Ball 1-2: Ball 2-2: Strikes out swinging
|
| Top of the 2nd over - 0 runs, 1 hit, 0 errors, 2 left on base; Batavia 0 - Hillsboro 0 |
| BOTTOM OF THE 2ND |
|
Hillsboro Hops batting - Pitching for Batavia Muckdogs : RHP James Bitner
|
|
Batting: RHB Brandon Joshua
|
0-0: Ball 1-0: Swinging Strike 1-1: Ball 2-1: Foul Ball, location: 2F 2-2: Ground out 1-3 (Groundball, 13, EV 75.6 MPH)
|
|
Batting: RHB Bryan Shuller
|
0-0: Ball 1-0: Called Strike 1-1: Called Strike 1-2: Foul Ball, location: 2F 1-2: Ball 2-2: Ground out 6-3 (Groundball, 6, EV 89.4 MPH)
|
|
Pitching: RHP Alex Garza
|
|
|
Batting: SHB Mike Kiefer
|
0-0: Called Strike 0-1: SINGLE (Groundball, 34D, EV 107.5 MPH)
|
|
Batting: RHB Larry Valencia
|
0-0: Ball 1-0: Called Strike 1-1: Ball 2-1: Ground out 4-3 (Groundball, 34, EV 82.5 MPH)
|
| Bottom of the 2nd over - 0 runs, 1 hit, 0 errors, 1 left on base; Batavia 0 - Hillsboro 0 |
| TOP OF THE 3RD |
|
Batavia Muckdogs batting - Pitching for Hillsboro Hops : LHP Haunani Moritiica
|
|
Batting: RHB Jeremy Dennis
|
0-0: Foul Ball, location: 2F 0-1: Ball 1-1: Ball 2-1: Foul Ball, location: 2F 2-2: Foul Ball, location: 2F 2-2: Ball 3-2: Strikes out swinging
|
|
Batting: RHB Calvin Morin
|
0-0: Ball 1-0: Called Strike 1-1: Called Strike 1-2: Ball 2-2: Strikes out looking
|
|
Batting: LHB David Doge
|
0-0: Ball 1-0: Fly out, F9 (Line Drive, 9, EV 91.3 MPH)
|
| Top of the 3rd over - 0 runs, 0 hits, 0 errors, 0 left on base; Batavia 0 - Hillsboro 0 |
| BOTTOM OF THE 3RD |
|
Hillsboro Hops batting - Pitching for Batavia Muckdogs : RHP Alex Garza
|
|
Batting: RHB Edgar Garcia
|
0-0: Ground out 4-3 (Groundball, 4, EV 85.0 MPH)
|
|
Batting: RHB Yasuo Nakata
|
0-0: Called Strike 0-1: Ball 1-1: Ball 2-1: SINGLE (Groundball, 56D, EV 96.3 MPH)
|
|
Batting: RHB Larry Hardman
|
Pickoff Throw to First - Error! E1 Yasuo Nakata to second 0-0: Called Strike 0-1: Ball 1-1: Ball 2-1: Foul Ball, location: 2F 2-2: SINGLE (Groundball, 6, EV 95.0 MPH) Yasuo Nakata to third Runner from 3rd tries for Home, SAFE, throw by CF to home
|
|
Batting: RHB Chris Bittner
|
0-0: Ball 1-0: Called Strike 1-1: Ball Larry Hardman is caught stealing 2nd base 2-4 2-1: SOLO HOME RUN (Flyball, 7LD, EV 94.4 MPH), Distance : 363 ft
|
|
Pitching: RHP Giampaolo Nobile
|
|
|
Batting: RHB Jeremy Adams
|
0-0: Ball 1-0: Swinging Strike 1-1: Foul Ball, location: 2F 1-2: Ball 2-2: Foul Ball, location: 2F 2-2: Ball 3-2: Strikes out swinging
|
| Bottom of the 3rd over - 2 runs, 3 hits, 1 error, 0 left on base; Batavia 0 - Hillsboro 2 |
| TOP OF THE 4TH |
|
Batavia Muckdogs batting - Pitching for Hillsboro Hops : LHP Haunani Moritiica
|
|
Batting: RHB Len Graham
|
0-0: Called Strike 0-1: Ball 1-1: Foul Ball, location: 2F 1-2: DOUBLE (Flyball, 8LXD, EV 105.6 MPH)
|
|
Batting: RHB Alex Ramirez
|
0-0: Called Strike 0-1: Called Strike 0-2: Strikes out swinging
|
|
Batting: RHB Jim Fisher
|
0-0: Foul Ball, location: 2F 0-1: Ball 1-1: Foul Ball, location: 2F 1-2: Ball 2-2: Ball 3-2: Base on Balls
|
|
Batting: RHB Nate Crofts
|
0-0: SINGLE (Line Drive, 6M, EV 103.8 MPH) Len Graham to third Jim Fisher to second
|
|
Batting: RHB Larry LeFever
|
0-0: Called Strike 0-1: Ball 1-1: Grounds into fielders choice 5-2 (Groundball, 56S, EV 83.8 MPH) Jim Fisher to third Nate Crofts to second
|
|
Batting: RHB Hiromitsu Yamada
|
0-0: Called Strike 0-1: Swinging Strike 0-2: Ball 1-2: Fielders Choice at 2nd, 6-4 (Groundball, 6, EV 76.9 MPH)
|
| Top of the 4th over - 0 runs, 2 hits, 0 errors, 3 left on base; Batavia 0 - Hillsboro 2 |
| BOTTOM OF THE 4TH |
|
Hillsboro Hops batting - Pitching for Batavia Muckdogs : RHP Giampaolo Nobile
|
|
Batting: RHB Brandon Joshua
|
0-0: Called Strike 0-1: Swinging Strike 0-2: Ball 1-2: Foul Ball, location: 2F 1-2: Strikes out swinging
|
|
Batting: RHB Bryan Shuller
|
0-0: Called Strike 0-1: Ball 1-1: Ball 2-1: Ball 3-1: SINGLE (Line Drive, 78M, EV 102.5 MPH)
|
|
Batting: SHB Mike Kiefer
|
0-0: Ball 1-0: Foul Ball, location: 2F 1-1: Ball Bryan Shuller steals 2nd base 2-1: Ball 3-1: SINGLE (Line Drive, 9LS, EV 91.3 MPH) Bryan Shuller to third Runner from 3rd tries for Home, SAFE, throw by RF to home
|
|
Pitching: RHP Ryan Babbitt
|
|
|
Batting: RHB Larry Valencia
|
0-0: Ball 1-0: Called Strike 1-1: Foul Ball, location: 2F 1-2: Fielders Choice at 2nd, 4-6 (Groundball, 4M, EV 86.3 MPH)
|
|
Batting: RHB Edgar Garcia
|
0-0: Ball Larry Valencia steals 2nd base (no throw) 1-0: Called Strike 1-1: Foul Ball, location: 2F 1-2: Ground out 3-1 (Groundball, 34S, EV 80.6 MPH)
|
| Bottom of the 4th over - 1 run, 2 hits, 0 errors, 1 left on base; Batavia 0 - Hillsboro 3 |
| TOP OF THE 5TH |
|
Batavia Muckdogs batting - Pitching for Hillsboro Hops : LHP Haunani Moritiica
|
|
Batting: RHB Jeremy Dennis
|
0-0: Ball 1-0: Called Strike 1-1: Called Strike 1-2: Strikes out looking
|
|
Batting: RHB Calvin Morin
|
0-0: Fly out, F9 (Flyball, 9LD, EV 82.5 MPH)
|
|
Batting: LHB David Doge
|
0-0: Called Strike 0-1: SINGLE (Groundball, 4MD, EV 106.3 MPH)
|
|
Batting: RHB Len Graham
|
0-0: Called Strike 0-1: Foul Ball, location: 2F 0-2: Ball David Doge steals 2nd base 1-2: Foul Ball, location: 2F 1-2: Ball 2-2: Foul Ball, location: 2F 2-2: Ball 3-2: Foul Ball, location: 2F 3-2: Base on Balls
|
|
Pitching: RHP Pat Green
|
|
|
Batting: RHB Alex Ramirez
|
0-0: Called Strike 0-1: Ball 1-1: Foul Ball, location: 2F 1-2: Fly out, F8 (Flyball, 8RXD, EV 100.0 MPH)
|
| Top of the 5th over - 0 runs, 1 hit, 0 errors, 2 left on base; Batavia 0 - Hillsboro 3 |
| BOTTOM OF THE 5TH |
|
Hillsboro Hops batting - Pitching for Batavia Muckdogs : RHP Ryan Babbitt
|
|
Batting: RHB Yasuo Nakata
|
0-0: Foul Ball, location: 2F 0-1: Ball 1-1: Ball 2-1: Foul Ball, location: 2F 2-2: Ground out 4-3 (Groundball, 4M, EV 104.4 MPH)
|
|
Batting: RHB Larry Hardman
|
0-0: TRIPLE (Flyball, 9LD, EV 93.1 MPH)
|
|
Batting: RHB Chris Bittner
|
0-0: Ball 1-0: Called Strike 1-1: Ball 2-1: Swinging Strike 2-2: Strikes out looking
|
|
Pitching: RHP Scott Feltham
|
|
|
Batting: RHB Jeremy Adams
|
0-0: Called Strike 0-1: Foul Ball, location: 2F 0-2: Ball 1-2: Strikes out swinging
|
| Bottom of the 5th over - 0 runs, 1 hit, 0 errors, 1 left on base; Batavia 0 - Hillsboro 3 |
| TOP OF THE 6TH |
|
Batavia Muckdogs batting - Pitching for Hillsboro Hops : RHP Pat Green
|
|
Batting: RHB Jim Fisher
|
0-0: Ball 1-0: Ball 2-0: Called Strike 2-1: Ball 3-1: Base on Balls
|
|
Batting: RHB Nate Crofts
|
0-0: Called Strike 0-1: Foul Ball, location: 2F 0-2: Foul Ball, location: 2F 0-2: Ball 1-2: Foul Ball, location: 2F 1-2: Ball Balk! Jim Fisher to second 2-2: Foul Ball, location: 2F 2-2: Strikes out swinging
|
|
Batting: RHB Larry LeFever
|
0-0: Foul Ball, location: 2F 0-1: Swinging Strike 0-2: Strikes out looking
|
|
Batting: RHB Hiromitsu Yamada
|
0-0: Called Strike 0-1: Swinging Strike 0-2: Strikes out swinging
|
| Top of the 6th over - 0 runs, 0 hits, 0 errors, 1 left on base; Batavia 0 - Hillsboro 3 |
| BOTTOM OF THE 6TH |
|
Hillsboro Hops batting - Pitching for Batavia Muckdogs : RHP Scott Feltham
|
|
Batting: RHB Brandon Joshua
|
0-0: Ball 1-0: Fly out, F7 (Flyball, 78D, EV 102.5 MPH)
|
|
Batting: RHB Bryan Shuller
|
0-0: Ball 1-0: Ball 2-0: Ball 3-0: Foul Ball, location: 2F 3-1: Called Strike 3-2: Foul Ball, location: 2F 3-2: Foul Ball, location: 2F 3-2: Strikes out swinging
|
|
Batting: SHB Mike Kiefer
|
0-0: Called Strike 0-1: Ball 1-1: Foul Ball, location: 2F 1-2: SINGLE (Groundball, 34D, EV 109.4 MPH)
|
|
Batting: RHB Larry Valencia
|
0-0: Ball 1-0: SINGLE (Groundball, 25, EV 71.3 MPH) (infield hit) Mike Kiefer to second
|
|
Batting: RHB Edgar Garcia
|
0-0: Ball 1-0: Foul Ball, location: 2F 1-1: Called Strike 1-2: Ball 2-2: Foul Ball, location: 2F 2-2: Foul Ball, location: 2F 2-2: Foul Ball, location: 2F 2-2: Ball 3-2: Foul Ball, location: 2F 3-2: TRIPLE (Flyball, 89XD, EV 86.3 MPH) Mike Kiefer scores Larry Valencia scores
|
|
Batting: RHB Yasuo Nakata
|
0-0: Called Strike 0-1: Ball 1-1: Foul Ball, location: 2F 1-2: Foul Ball, location: 2F 1-2: Foul Ball, location: 2F 1-2: Ball 2-2: SINGLE (Groundball, 4MD, EV 103.8 MPH) Edgar Garcia scores
|
|
Batting: RHB Larry Hardman
|
0-0: Called Strike 0-1: Ball 1-1: Ball 2-1: Foul Ball, location: 2F 2-2: Strikes out looking
|
| Bottom of the 6th over - 3 runs, 4 hits, 0 errors, 1 left on base; Batavia 0 - Hillsboro 6 |
| TOP OF THE 7TH |
|
Batavia Muckdogs batting - Pitching for Hillsboro Hops : RHP Pat Green
|
|
Batting: RHB Jeremy Dennis
|
0-0: Ball 1-0: Ground out U3 (Groundball, 3, EV 83.1 MPH)
|
|
Batting: RHB Calvin Morin
|
0-0: Ball 1-0: Ball 2-0: Ball 3-0: Base on Balls
|
|
Batting: LHB David Doge
|
0-0: Hit by Pitch Calvin Morin to second
|
|
Batting: RHB Len Graham
|
0-0: Foul Ball, location: 2F 0-1: Ball 1-1: Ball 2-1: Foul Ball, location: 2F 2-2: Foul Ball, location: 2F 2-2: Hit by Pitch Calvin Morin to third David Doge to second
|
|
Batting: RHB Alex Ramirez
|
0-0: Called Strike 0-1: Ball 1-1: Swinging Strike 1-2: Ball 2-2: Ball 3-2: SINGLE (Line Drive, 9LS, EV 104.4 MPH) Calvin Morin scores David Doge to third Len Graham to second Runner from 3rd tries for Home, SAFE, throw by RF to home
|
|
Pitching: RHP Manuel Maldonado
|
|
|
Batting: LHB Carlos Mosqueda
|
0-0: Ball 1-0: Called Strike 1-1: Reached on error, E5 (Groundball, 5S, EV 75.6 MPH) Len Graham to third Alex Ramirez to second
|
|
Pinch Hitting: SHB Dan Zink
|
0-0: Ball 1-0: Ball 2-0: Grounds into fielders choice 5-2 (Groundball, 56S, EV 85.0 MPH) Alex Ramirez to third Carlos Mosqueda to second
|
|
Batting: RHB Larry LeFever
|
0-0: Ball 1-0: Ball 2-0: Ball 3-0: Base on Balls Alex Ramirez scores Carlos Mosqueda to third Dan Zink to second
|
|
Pinch Hitting: LHB Andrew van Dongen
|
0-0: Called Strike 0-1: Fielders Choice at 2nd, 5-4 (Groundball, 56, EV 83.1 MPH)
|
| Top of the 7th over - 3 runs, 1 hit, 1 error, 3 left on base; Batavia 3 - Hillsboro 6 |
| BOTTOM OF THE 7TH |
|
Hillsboro Hops batting - Pitching for Batavia Muckdogs : RHP Scott Feltham
|
|
Now at 1B: Andrew van Dongen
|
|
|
Now in LF: Dan Zink
|
|
|
Batting: RHB Chris Bittner
|
0-0: Called Strike 0-1: Ground out 1-3 (Groundball, 13S, EV 71.9 MPH)
|
|
Batting: RHB Jeremy Adams
|
0-0: Called Strike 0-1: Ball 1-1: DOUBLE (Groundball, 5L, EV 102.5 MPH)
|
|
Batting: RHB Brandon Joshua
|
0-0: Ball 1-0: Ground out 5-3 (Groundball, 56S, EV 90.0 MPH)
|
|
Batting: RHB Bryan Shuller
|
0-0: Foul Ball, location: 2F 0-1: Ball 1-1: Called Strike 1-2: Ball 2-2: Ball 3-2: Ground out 4-3 (Groundball, 13, EV 90.6 MPH)
|
| Bottom of the 7th over - 0 runs, 1 hit, 0 errors, 1 left on base; Batavia 3 - Hillsboro 6 |
| TOP OF THE 8TH |
|
Batavia Muckdogs batting - Pitching for Hillsboro Hops : RHP Manuel Maldonado
|
|
Pinch Hitting: LHB Mario Tirado
|
0-0: Called Strike 0-1: Swinging Strike 0-2: Strikes out swinging
|
|
Pinch Hitting: LHB Chris Jonas
|
0-0: Foul Ball, location: 2F 0-1: Swinging Strike 0-2: Ball 1-2: Ball 2-2: Fly out, F6 (Popup, 6M, EV 66.3 MPH)
|
|
Batting: LHB David Doge
|
0-0: Ground out 4-3 (Groundball, 4, EV 103.8 MPH)
|
| Top of the 8th over - 0 runs, 0 hits, 0 errors, 0 left on base; Batavia 3 - Hillsboro 6 |
| BOTTOM OF THE 8TH |
|
Hillsboro Hops batting - Pitching for Batavia Muckdogs : RHP Scott Feltham
|
|
Now at 2B: Len Graham
|
|
|
Now at SS: J.J. Barajas
|
|
|
Now in CF: David Doge
|
|
|
Now in RF: Mario Tirado
|
|
|
Batting: SHB Mike Kiefer
|
0-0: Called Strike 0-1: DOUBLE (Groundball, 3L, EV 104.4 MPH)
|
|
Batting: RHB Larry Valencia
|
0-0: Ground out 6-3 (Groundball, 6, EV 86.3 MPH)
|
|
Batting: RHB Edgar Garcia
|
0-0: Intentional Walk
|
|
Batting: RHB Yasuo Nakata
|
0-0: Called Strike 0-1: Ball 1-1: SINGLE (Line Drive, 34D, EV 108.1 MPH) Mike Kiefer to third Edgar Garcia to second
|
|
Pitching: RHP Ryan Thompson
|
|
|
Batting: RHB Larry Hardman
|
0-0: Ball 1-0: Called Strike 1-1: Grounds into fielders choice 6-2 (Groundball, 6, EV 76.3 MPH) Edgar Garcia to third Yasuo Nakata to second
|
|
Batting: RHB Chris Bittner
|
0-0: Called Strike 0-1: Fielders Choice at 2nd, U4 (Groundball, 4M, EV 79.4 MPH)
|
| Bottom of the 8th over - 0 runs, 2 hits, 0 errors, 3 left on base; Batavia 3 - Hillsboro 6 |
| TOP OF THE 9TH |
|
Batavia Muckdogs batting - Pitching for Hillsboro Hops : RHP Manuel Maldonado
|
|
Pitching: RHP Guillermo Gonzalez
|
|
|
Batting: RHB Len Graham
|
0-0: Foul Ball, location: 2F 0-1: Foul Ball, location: 2F 0-2: Ground out 3-1 (Groundball, 34S, EV 78.8 MPH)
|
|
Batting: RHB Alex Ramirez
|
0-0: Foul Ball, location: 2F 0-1: Ground out 5-3 (Groundball, 56, EV 82.5 MPH)
|
|
Batting: LHB Carlos Mosqueda
|
0-0: Ball 1-0: Foul Ball, location: 2F 1-1: Ball 2-1: Foul Ball, location: 2F 2-2: Foul Ball, location: 2F 2-2: SINGLE (Groundball, 4D, EV 96.3 MPH)
|
|
Batting: SHB Dan Zink
|
0-0: Foul Ball, location: 2F 0-1: Ball 1-1: DOUBLE (Flyball, 9LD, EV 108.1 MPH) Carlos Mosqueda to third
|
|
Batting: RHB Larry LeFever
|
0-0: Called Strike 0-1: Swinging Strike 0-2: Ball 1-2: Ball 2-2: Strikes out swinging
|
| Top of the 9th over - 0 runs, 2 hits, 0 errors, 2 left on base; Batavia 3 - Hillsboro 6 |
|